[Event "*** Titled Tuesday Blitz"]
[Site "Chess.com"]
[Date "2018.09.04"]
[Round "4"]
[White "ElHelvetico"]
[Black "GMBenjaminBok"]
[Result "0-1"]
[WhiteElo "2646"]
[BlackElo "2651"]
[TimeControl "180+2"]
[EndTime "14:27:51 PDT"]
[Termination "GMBenjaminBok won by resignation"]

1. e4 c5 2. Nf3 d6 3. d4 cxd4 4. Nxd4 Nf6 5. Nc3 a6 6. Be3 e5 7.
Nf3 Be7 8. Bc4 O-O 9. O-O Nc6 10.
Bb3 Na5 11. Qe2 Nxb3 12. axb3 h6 13. Rfd1 Qc7 14. Nd2 Rb8 15. b4 b5 16. f3 Bb7 17.
Nb3 Rfd8 18. Qf2 Qc8 19. Ba7 Ra8 20. Bb6 Rd7 21. Na5 d5 22. Nxb7 Qxb7 23. Nxd5 Nxd5 24. exd5 Rxd5 25. Rxd5 Qxd5 26. c3 Bg5 27. Qc5 Qd2 28.
Qxe5 Qxb2 29. Rd1 Bf6 30. Qe4 Rc8 31. Bc5 Qxc3 32. h4 Qb3 33. Re1 Rd8 34. h5 Qc3 35. Kh2 Qc4 36. Kh3 Qxe4 37. Rxe4 Ra8 38. Bb6 g6 39. hxg6 fxg6 40. Re6 Kf7 41. Rc6 Re8 42.
Ba5 Re6 43. Rc7+ Be7 44. Ra7 Kf6 45. Bc7 Bxb4 46. Bd8+ Ke5 47. Bc7+ Kd5 48. Bb8 Bc5 49. Rd7+ Kc4 50. Rc7 Kb4 51. g4 a5 52. f4 Bd6 53.
Rc6 Re3+ 0-1

[Event "*** Titled Tuesday Blitz"]
[Site "Chess.com"]
[Date "2018.09.04"]
[Round "4"]
[White "PaulfromSPb"]
[Black "metra93"]
[Result "0-1"]
[WhiteElo "2634"]
[BlackElo "2489"]
[TimeControl "180+2"]
[EndTime "14:27:53 PDT"]
[Termination "metra93 won by resignation"]

1. d4 d5 2. Bg5 h6 3. Bh4 c6 4. c3 Qb6 5. Qb3 Nd7 6. Nd2 e5 7. e3 Bd6 8. Bg3 Ne7 9. Ngf3 Qc7 10. dxe5 Nxe5 11. Be2 O-O 12. O-O Nxf3+ 13. Nxf3 Bxg3 14. hxg3 Be6 15. Nd4 Nf5 16. Nxe6 fxe6 17. c4 Nd6 18. Rac1 Qf7 19. cxd5 exd5 20. Bd3 Kh8 21. Qb4 Rad8 22. a4 a6 23. b3 Rfe8 24. g4 Ne4 25. f3 Nf6 26. Qd2 Qe7 27. Rfe1 Qd6 28. Bb1 Re7 29. Qd3 Qg3 30. Qf1 Rde8 31. Qf2 Qd6 32.
Rcd1 Qc5 33. Rd3 Kg8 34. Kh1 Rf8 35. Qg3 Nd7 36. Rd4 Rfe8 37. Qf4 Rf8 38. Qg3 Rfe8 39. g5 hxg5 40. Qh3 Nf6 41. Rd3 g4 42. fxg4 Qb4 43.
Rf1 Qxg4 44. Rf3 Qxh3+ 45. gxh3 Nd7 46. Kg2 Ne5 47. Rc3 Nxf3 48. Kxf3 Rf8+ 49. Ke2 Rf6 50. Bc2 d4 51. Rd3 Rxe3+ 52. Rxe3 dxe3 53. Kxe3 Rd6 54.
Bd3 a5 55. Ke4 Kf7 56. Bc4+ Ke7 57. Ke5 Rh6 58. Bf1 Rh5+ 59. Kd4 Kd6 60. Bg2 Rh4+ 61. Kd3 Kc5 62. Kc3 Rf4 0-1

[Event "*** Titled Tuesday Blitz"]
[Site "Chess.com"]
[Date "2018.09.04"]
[Round "4"]
[White "Nowaybacksasha"]
[Black "dretch"]
[Result "0-1"]
[WhiteElo "2807"]
[BlackElo "2776"]
[TimeControl "180+2"]
[EndTime "14:27:55 PDT"]
[Termination "dretch won on time"]

1. d4 d5 2. c4 c6 3. Nf3 Nf6 4. Nc3 dxc4 5. e4 b5 6. Be2 e6 7.
O-O Bb7 8. e5 Nd5 9. a4 h6 10. Ne4 Nd7 11. Bd2 a6 12. b3 cxb3 13. Qxb3 Be7 14. Ne1 O-O 15. Qg3 Kh8 16. Qh3 Kg8 17.
Bxh6 gxh6 18. Qxh6 Re8 19. Bh5 Bf8 20. Bxf7+ Kxf7 21. Qh7+ Bg7 22. Nd6+ Kf8 23. Ra3 Nf4 24. Rf3 Qg5 25.
g3 Ke7 26. Rxf4 Rf8 27. h4 Qh6 28. Qxh6 Bxh6 29. Rxf8 Bxf8 30. Nxb7 bxa4 31. Nc2 Rb8 32. Na5 Rb2 33. Nxc6+ Ke8 34. Rc1 a3 35. Nxa3 Bxa3 36. Ra1 Rb3 37. Kg2 Rb6 38. Na5 Bb2 39. Rd1 Rb4 40. d5 Nxe5 41. dxe6 Rb5 42. f4 Rxa5 43. fxe5 Rxe5 44. Rd6 a5 45. Ra6 Bc3 46. Kf3 Ke7 47. g4 Rxe6 48. Ra7+ Kf6 49. g5+ Kg6 50. Rc7 Bb4 51.
Ra7 Rc6 0-1

[Event "*** Titled Tuesday Blitz"]
[Site "Chess.com"]
[Date "2018.09.04"]
[Round "4"]
[White "Samuray111"]
[Black "chessmaxusa"]
[Result "1-0"]
[WhiteElo "2600"]
[BlackElo "2505"]
[TimeControl "180+2"]
[EndTime "14:28:07 PDT"]
[Termination "Samuray111 won by resignation"]

1. Nf3 c6 2. e3 d5 3. c4 Nf6 4. Nc3 Bf5 5. Qb3 Qb6 6. Qxb6 axb6 7. cxd5 Nxd5 8. Nxd5 cxd5 9. Bb5+ Bd7 10. Bxd7+ Nxd7 11. b3 e6 12. Bb2 Ba3 13. Bxg7 Rg8 14. Bc3 Rxg2 15.
Rg1 Rxg1+ 16. Nxg1 Bd6 17. Nf3 Ke7 18. Ke2 Rg8 19.
h3 f6 20. Rg1 Rg6 21. Rg4 e5 22. Nh4 Rxg4 23. Nf5+ Ke6 24. hxg4 Bf8 25. d3 h5 26.
Kf3 hxg4+ 27. Kxg4 Kf7 28. Kf3 Nb8 29. e4 Ke6 30.
Bb2 Nc6 31. Ne3 dxe4+ 32. dxe4 Be7 33. Nd5 Bd8 34. Ke2 Ne7 35. Nxe7 Bxe7 36. f3 Kd7 37.
Kd3 Kc6 38. Bc1 Bd6 39. Bh6 Be7 40. Bg7 Kd6 41. Kc4 Kc6 42. a4 Kd6 43. Kb5 Kc7 44.
Bh6 Bd6 45. Be3 Kd7 46. Kxb6 Kc8 47. Bc5 Bc7+ 48. Kb5 Kd7 49. Bf2 Ke6 50. b4 f5 51.
Kc4 fxe4 52. fxe4 Bd6 53. Bc5 Bc7 54. a5 Bd8 55. Bb6 Bxb6 56. axb6 Kd6 57. Kb5 Kd7 58. Kc5 Ke7 59. Kd5 Kf6 60. Kd6 1-0

[Event "*** Titled Tuesday Blitz"]
[Site "Chess.com"]
[Date "2018.09.04"]
[Round "4"]
[White "Margency"]
[Black "wannabe2700"]
[Result "1-0"]
[WhiteElo "2698"]
[BlackElo "2587"]
[TimeControl "180+2"]
[EndTime "14:28:20 PDT"]
[Termination "Margency won by resignation"]

1. e4 e5 2. Nf3 Nc6 3. Bc4 Nf6 4. d3 Bc5 5. O-O d6 6. c3 O-O 7. h3 a5 8. Bb3 h6 9. Nbd2 Re8 10. Re1 Be6 11.
Bc2 Qb8 12. Nf1 Qa7 13. Be3 Bxe3 14. Nxe3 a4 15. a3 d5 16. exd5 Nxd5 17. Ng4 Bxg4 18. hxg4 Nf4 19. Qd2 Rad8 20. Re4 b5 21. Rae1 f6 22. d4 Rf8 23. Qc1 Rd6 24. dxe5 fxe5 25. Qe3 Qxe3 26. R4xe3 Nd5 27. R3e2 Nf4 28. Re4 Ng6 29.
R4e3 Rf4 30. g3 Rxg4 31. Bf5 Rc4 32. R3e2 Rc5 33. Nd2 Nce7 34. Ne4 Rcc6 35. Nxd6 cxd6 36. Bxg6 Nxg6 37. Rd2 Kf7 38. Re4 Kf6 39. Rb4 Ne7 40. Rxb5 d5 41. Rb4 e4 42. Rxa4 Ke5 43. Rad4 Rc5 44. Rb4 Nf5 45. a4 Nd6 46. Kf1 Nc4 47. Rd4 Nd6 48. Ke2 g5 49. g4 Kf4 50. f3 Ke5 51. fxe4 dxe4 52. Rb6 Nc4 53. Rb5 Rxb5 54. axb5 Nb6 55. Ke3 Nd5+ 56. Rxd5+ Kxd5 57. c4+ Ke5 58. b6 h5 59. b7 1-0

[Event "*** Titled Tuesday Blitz"]
[Site "Chess.com"]
[Date "2018.09.04"]
[Round "4"]
[White "ramses135"]
[Black "Orest_Vovk"]
[Result "1/2-1/2"]
[WhiteElo "2519"]
[BlackElo "2416"]
[TimeControl "180+2"]
[EndTime "14:28:22 PDT"]
[Termination "Game drawn by agreement"]

1. e4 Nc6 2. Nf3 f5 3. exf5 d5 4. Bb5 Bxf5 5. Ne5 Qd6 6. d4 Nf6 7. O-O Nd7 8. Bf4 Ndxe5 9. Bxe5 Qg6 10. Bxc7 Bxc2 11. Qf3 a6 12. Bxc6+ bxc6 13. Nd2 Kd7 14. Bg3 e6 15. Rac1 Bb4 16. Nb3 Rhf8 17. Qe3 Qf5 18.
Nc5+ Bxc5 19. dxc5 Bd3 20. Rfe1 Bb5 21. Qc3 a5 22. Qxg7+ Rf7 23. Qd4 a4 24. Re5 Qf6 25.
Rce1 Re8 26. Qc3 Rfe7 27. Qa5 Rc8 28. h3 Ke8 29. Qd2 Kd7 30. R1e3 Qh6 31. Qa5 Qg6 32. Kh2 h6 33. Rf3 Bc4 34. Qxa4 Bd3 35. Rfe3 Be4 36.
f3 Bf5 37. Qf4 Rg8 38. Re1 Reg7 39. Rxf5 Qxg3+ 40. Qxg3 Rxg3 41. Rf7+ Ke8 42. Rf6 Rxg2+ 43. Kh1 Rxb2 44. Rfxe6+ Kf7 45. Rxc6 Rgg2 46. Rxh6 Rxa2 47. c6 Rh2+ 48. Kg1 Rag2+ 49. Kf1 Rc2 50. Kg1 Rhg2+ 51. Kh1 Rgf2 52. Rd6 Rxf3 53. Rxd5 Rxh3+ 54. Kg1 Rxc6 55. Rd2 Rg3+ 56. Rg2 Rxg2+ 57. Kxg2 1/2-1/2

[Event "*** Titled Tuesday Blitz"]
[Site "Chess.com"]
[Date "2018.09.04"]
[Round "4"]
[White "sergiochess83"]
[Black "Msb2"]
[Result "1-0"]
[WhiteElo "2742"]
[BlackElo "2845"]
[TimeControl "180+2"]
[EndTime "14:28:24 PDT"]
[Termination "sergiochess83 won by resignation"]

1. e4 c6 2. d4 d5 3. exd5 cxd5 4. Bd3 Nf6 5. c3 Bg4 6. Ne2 e6 7. h3 Bh5 8. Qb3 Qd7 9. Nf4 Bg6 10. Nxg6 hxg6 11.
Nd2 Nc6 12. Nf3 Bd6 13. Bd2 Rc8 14. O-O O-O 15. Rae1 Na5 16. Qd1 Nc4 17. Bc1 Qc7 18. g3 Nh5 19. Bxc4 Qxc4 20. a3 Qc7 21. Ne5 Nf6 22. Bf4 Ne4 23. h4 Bxe5 24. Bxe5 Qd7 25. Kg2 f6 26. Bf4 Kf7 27. Re2 Rh8 28. f3 Nd6 29.
Bxd6 Qxd6 30. Rfe1 Rhe8 31. f4 b5 32. Re3 Re7 33. h5 Rh8 34. hxg6+ Kxg6 35. Qg4+ Kf7 36. f5 e5 37. Qg6+ Kf8 38. dxe5 Qc6 39. exf6 d4+ 40. Rf3 Qxf6 41. Qxf6+ gxf6 42. Rxe7 Kxe7 43. cxd4 Kd6 44. Re3 Kd5 45. Re6 Rf8 46. Kf3 Kxd4 47. g4 Kc4 48. b4 Kd5 49. Kf4 Rf7 50. Ra6 Kd4 51. Rc6 Kd3 52. g5 fxg5+ 53. Kxg5 Re7 54. f6 Re5+ 55.
Kg6 Re1 56. f7 Rg1+ 57. Kh7 Rf1 58. Kg7 1-0

[Event "*** Titled Tuesday Blitz"]
[Site "Chess.com"]
[Date "2018.09.04"]
[Round "4"]
[White "ozates"]
[Black "PulpanJ"]
[Result "1-0"]
[WhiteElo "2388"]
[BlackElo "2435"]
[TimeControl "180+2"]
[EndTime "14:28:26 PDT"]
[Termination "ozates won by resignation"]

1. e4 e5 2. Nf3 Nc6 3. Nc3 Bb4 4. Nd5 Ba5 5. c3 d6 6. a4 a6 7. b4 Bb6 8. Nxb6 cxb6 9. Bc4 Nf6 10. d3 h6 11. O-O O-O 12. h3 Be6 13. Qb3 Bxc4 14. Qxc4 b5 15. Qb3 bxa4 16. Rxa4 Ne7 17. Be3 Ng6 18. Rfa1 d5 19. b5 dxe4 20. dxe4 Qd3 21.
bxa6 bxa6 22. Rd1 Qb5 23. Rb4 Qc6 24. Rb6 Qc7 25. Bxh6 Rab8 26. Rb1 Rxb6 27. Qxb6 Qxb6 28. Rxb6 Nxe4 29. Be3 Ra8 30. c4 f5 31. Rxg6 a5 32.
Bc1 Rd8 33. Bb2 Rd1+ 34. Kh2 Kh7 35. Ra6 Nxf2 36. Bxe5 Rh1+ 37. Kg3 Ne4+ 38. Kf4 Rc1 39. Ra7 Rxc4 40. Rxg7+ Kh6 41. Kxf5 Nd6+ 42. Ke6 Ne4 43. Rg4 Nc5+ 44. Kd5 Rxg4 45. hxg4 Nd3 46. Ke4 Nf2+ 47. Kf5 a4 48. g5+ Kh7 49. g6+ Kg8 50. Ng5 Nd3 51.
Bd4 a3 52. g7 Ne1 53. g4 a2 54. Ne4 Nf3 55. Kg6 Ng5 1-0

[Event "*** Titled Tuesday Blitz"]
[Site "Chess.com"]
[Date "2018.09.04"]
[Round "4"]
[White "Gr3egor"]
[Black "dreamist"]
[Result "1-0"]
[WhiteElo "2492"]
[BlackElo "2643"]
[TimeControl "180+2"]
[EndTime "14:28:34 PDT"]
[Termination "Gr3egor won by resignation"]

1. d4 Nf6 2. c4 Nc6 3. Nc3 e5 4. d5 Ne7 5. e4 Ng6 6. h4 h5 7. a3 Bc5 8. g3 Ng4 9. Nh3 O-O 10. Be2 d6 11. Bg5 f6 12. Bd2 f5 13. Bg5 Qe8 14.
Qd2 f4 15. Nb5 Qf7 16. gxf4 Nxf4 17. Bxf4 exf4 18. f3 Be3 19. Qc3 Ne5 20. Ng5 Qe7 21. Nd4 c5 22. Nde6 Rf6 23. Kd1 Bxe6 24. dxe6 Bd4 25.
Qb3 Rb8 26. Kc2 Nc6 27. Rad1 Be5 28. Kb1 Nd4 29. Rxd4 Bxd4 30. Qd3 b5 31. e5 Rh6 32. exd6 bxc4 33. Qxd4 cxd4 34. dxe7 d3 35. Rd1 g6 36. Bxd3 cxd3 37. Rxd3 Kg7 38. Nf7 Re8 39. Nxh6 Kxh6 40. Rd7 g5 41. Rd8 Rxe7 42. Rh8+ Kg7 43. Rxh5 gxh4 44.
Rxh4 Rxe6 45. Rxf4 Re3 46. Ka2 Kg6 47. a4 a5 48. b3 Re1 49. Kb2 Re3 50. Kc2 Kg5 51. Rf8 Kg6 52. Ra8 Re5 53. Kd3 Kf6 54. Kc4 Ke7 55. Rb8 Rf5 56. Rb5 Rf4+ 57. Kc5 Rxf3 58. Kb6 Kd6 59. Kxa5 Kc6 60. b4 Rf8 61. Rc5+ Kd6 62.
Kb5 Rb8+ 63. Kc4 Rh8 64. a5 Rh4+ 65. Kb5 Rh8 66. a6 Rb8+ 67. Ka5 Rh8 68. a7 Rh1 69.
Kb6 Ra1 70. Ra5 Rb1 71. b5 1-0

[Event "*** Titled Tuesday Blitz"]
[Site "Chess.com"]
[Date "2018.09.04"]
[Round "4"]
[White "lucasmito"]
[Black "335394862"]
[Result "1-0"]
[WhiteElo "2348"]
[BlackElo "2313"]
[TimeControl "180+2"]
[EndTime "14:28:37 PDT"]
[Termination "lucasmito won on time"]

1. e4 c5 2. Nf3 Nc6 3. d4 cxd4 4.
Nxd4 g6 5. Nc3 Bg7 6. Be3 Nf6 7.
Bc4 Qa5 8. O-O O-O 9. Bb3 d6 10.
h3 Bd7 11. f4 Nxd4 12. Bxd4 Bc6 13. Qe1 Nd7 14. Bxg7 Kxg7 15. Nd5 Qxe1 16. Rfxe1 e6 17. Nb4 Nc5 18. Nxc6 bxc6 19. f5 gxf5 20. exf5 exf5 21. Rf1 Kg6 22. Rf4 Ne6 23. Rf2 f4 24. Raf1 Kg5 25. g3 d5 26. c3 f5 27. gxf4+ Kf6 28. Ba4 Rac8 29. Kh2 Nc5 30. Bc2 Rce8 31. Rg2 Rg8 32. Rfg1 Rxg2+ 33. Rxg2 Re1 34. b4 Ne4 35. Ba4 Nxc3 36.
Bxc6 d4 37. Rd2 Re2+ 38. Rxe2 Nxe2 39. a4 Nc3 40. a5 d3 41. Bf3 d2 42. Kg3 a6 43. Kf2 Ke6 44. Ke3 d1=Q 45. Bxd1 Nxd1+ 46. Kd2 Nf2 47. Ke3 Ne4 48. b5 Kd6 49. bxa6 Kc6 50. Kd4 Kc7 51. Ke5 Ng3 52. Kf6 Kb8 53. Kg5 Ka7 54.
Kh4 Ne4 55. Kh5 Kxa6 56. Kh6 Kxa5 57. Kxh7 Kb4 58. Kg6 Ng3 59. h4 Kc4 60. h5 Nxh5 61. Kxh5 Kd5 62. Kg6 1-0

[Event "*** Titled Tuesday Blitz"]
[Site "Chess.com"]
[Date "2018.09.04"]
[Round "4"]
[White "enriquetejedor"]
[Black "akretchetov"]
[Result "1/2-1/2"]
[WhiteElo "2429"]
[BlackElo "2240"]
[TimeControl "180+2"]
[EndTime "14:28:38 PDT"]
[Termination "Game drawn - insufficient material"]

1. e4 e5 2. Nf3 Nc6 3. Bb5 a6 4. Ba4 d6 5. c3 Bd7 6. O-O g6 7.
Re1 Bg7 8. d4 Nf6 9. h3 O-O 10.
dxe5 dxe5 11. Nbd2 Qe7 12. Qe2 Rad8 13. Nf1 Nb8 14. Bc2 Bc6 15. Bg5 h6 16. Bxf6 Qxf6 17. Ne3 Rfe8 18. Rad1 Qe7 19. Nd5 Bxd5 20. exd5 Nd7 21.
Ba4 b5 22. Bc2 Qd6 23. a4 b4 24. Nd2 bxc3 25. Ne4 Qf8 26. Nxc3 Qb4 27. Bd3 Nc5 28. Bxa6 e4 29. Bb5 Re7 30. Rc1 Bf6 31. Rc2 Nd3 32. Rd1 Nxb2 33. Rxb2 Qxc3 34. Rc2 Qb4 35. Rc4 Qa3 36.
Rxe4 Rxe4 37. Qxe4 Kg7 38. Qf4 Rd6 39. Qc4 c5 40. g3 Bd4 41. Rxd4 Qa1+ 42. Kg2 Qxd4 43.
Qxd4+ cxd4 44. Bc6 Kf6 45. f4 Rd8 46. Kf3 Rb8 47.
Ke4 Rb3 48. Kxd4 Rxg3 49. Kc5 Rc3+ 50. Kb4 Rc1 51. a5 Ke7 52. a6 Rb1+ 53. Kc5 Ra1 54.
Kb6 Kd6 55. a7 f5 56. a8=Q Rxa8 57. Bxa8 g5 58. fxg5 hxg5 59. Bb7 g4 60. hxg4 fxg4 61.
Bc8 g3 62. Bh3 Kxd5 63. Kb5 Kd4 64. Kc6 Ke3 65. Kd5 Kf2 66. Ke4 g2 67. Bxg2 1/2-1/2

[Event "*** Titled Tuesday Blitz"]
[Site "Chess.com"]
[Date "2018.09.04"]
[Round "4"]
[White "Genghis_K"]
[Black "danyuffa"]
[Result "1/2-1/2"]
[WhiteElo "2863"]
[BlackElo "2683"]
[TimeControl "180+2"]
[EndTime "14:28:41 PDT"]
[Termination "Game drawn by agreement"]

1. e4 c6 2. d4 d5 3. e5 Bf5 4. h4 a6 5. h5 c5 6. g4 Bd7 7. dxc5 Nc6 8. f4 e6 9. Be3 d4 10. Bf2 Bxc5 11. Nd2 Nge7 12. Ne4 Nd5 13. Qd2 Bb4 14. c3 dxc3 15. bxc3 Be7 16. Nf3 Qa5 17. Rb1 b5 18. h6 gxh6 19. Rxh6 b4 20. cxb4 Ncxb4 21. Bh4 Bc5 22. Nxc5 Qxc5 23. Rc1 Qe3+ 24. Qxe3 Nxe3 25. Ng5 Nxg4 26. Rxh7 Rxh7 27. Nxh7 Bb5 28.
a3 Nd5 29. Bg2 Nge3 30. Bf3 Rb8 31. Kf2 Nf5 32. Bxd5 exd5 33. Nf6+ Kf8 34. Bg5 d4 35. Rh1 Ke7 36. Rc1 Ke6 37. Ne4 Kd5 38. Nf6+ Ke6 39. Ne4 d3 40. Bf6 Kd5 41. Nd6 Bd7 42. Rd1 Rb3 43.
Rd2 Rxa3 44. Nxf7 Nd4 45. Ke3 Bf5 46. Nd6 Nc2+ 47. Kf2 Ke6 48. Ne8 Kd5 49. Nc7+ Kc6 50. Ne8 Kd5 51. Nc7+ Kc6 52. Ne8 Kd5 53. Ng7 Bg4 54.
f5 Nd4 55. e6 Nxf5 56. e7 Nxg7 57. Bxg7 Bh5 58. Ke3 Bg6 59. e8=Q Bxe8 60. Rxd3+ Rxd3+ 61. Kxd3 a5 62. Kc3 a4 63. Kb2 Ke4 64. Ka1 Kd3 65.
Bf6 Kc2 1/2-1/2

[Event "*** Titled Tuesday Blitz"]
[Site "Chess.com"]
[Date "2018.09.04"]
[Round "4"]
[White "Faqade"]
[Black "maciek_92"]
[Result "0-1"]
[WhiteElo "2476"]
[BlackElo "2664"]
[TimeControl "180+2"]
[EndTime "14:28:42 PDT"]
[Termination "maciek_92 won by resignation"]

1. e4 e5 2. Nf3 Nc6 3. Bc4 Bc5 4. d3 Nf6 5. O-O d6 6. c3 a6 7. h3 Ba7 8. a4 O-O 9. Bg5 h6 10. Bh4 Be6 11. Nbd2 Qe7 12. b4 Rad8 13. Re1 g5 14. Bg3 Nh5 15. Bh2 Nf4 16. Nf1 Qf6 17.
Ne3 Ne7 18. d4 Neg6 19. Bf1 h5 20. Bg3 Kg7 21. Qc2 Rh8 22. Nf5+ Kg8 23. dxe5 dxe5 24.
Rad1 Re8 25. h4 gxh4 26. N3xh4 Nxh4 27. Bxh4 Qg6 28. g3 Qg4 29. Kh2 Kh7 30. Ne3 Qf3 31. Nd5 Nxd5 32. exd5+ Bf5 33. Bd3 e4 34. Bf1 Bxf2 35. Bg2 e3 36. Qa2 Qg4 37. Rf1 e2 38. d6 Be6 39. Qc2+ Bf5 40. Qa2 Re6 41. Rc1 exf1=N+ 42. Rxf1 Be3 43. dxc7 Rg8 44. Qd5 Bg6 45. Qd7 Ree8 46.
Rxf7+ Bxf7 47. Qxf7+ Qg7 48. Qxh5+ Bh6 49. Qf5+ Qg6 50.
Qd7+ Rg7 51. Qd8 Qe6 52. Bd5 Qe2+ 53. Bg2 Qe6 54. Bd5 Rxd8 55. cxd8=Q Qf5 56. Bg2 Rd7 57. Qe8 Bg7 58. Be4 Rd2+ 59. Kg1 Rd1+ 60. Kg2 Rd2+ 61.
Kg1 Rd1+ 62. Kh2 Rd2+ 63. Bg2 Qd5 64. Kh3 Qxg2+ 65. Kg4 Qe2+ 66. Qxe2 Rxe2 67. Kf5 Bxc3 0-1

[Event "*** Titled Tuesday Blitz"]
[Site "Chess.com"]
[Date "2018.09.04"]
[Round "4"]
[White "JammyDodger91"]
[Black "chito89"]
[Result "1/2-1/2"]
[WhiteElo "2408"]
[BlackElo "2692"]
[TimeControl "180+2"]
[EndTime "14:28:42 PDT"]
[Termination "Game drawn by agreement"]

1. e4 e5 2. Nf3 Nc6 3. Bb5 a6 4.
Ba4 Nf6 5. O-O b5 6. Bb3 Bc5 7. c3 d6 8. d4 Bb6 9. Be3 O-O 10. Nbd2 h6 11. h3 Bb7 12. Re1 Re8 13. dxe5 dxe5 14.
Bxb6 cxb6 15. Nf1 Qc7 16. Ng3 Rad8 17. Qe2 Ne7 18. a4 bxa4 19. Bxa4 b5 20. Bb3 Ng6 21.
Red1 Nf4 22. Qe3 Nd7 23. Nf5 Nc5 24. Bc2 Kh7 25. h4 g6 26. Ng3 Nd7 27. Bb3 Nf6 28. Nh2 a5 29. f3 a4 30. Ba2 Qe7 31. Ne2 N6h5 32. Ng4 Nxe2+ 33. Qxe2 Nf4 34. Qe3 h5 35. Nf2 Kg7 36. g3 Ne6 37. Nd3 Nc7 38. Nb4 Ba8 39. Kf2 Rd7 40. Rd2 Red8 41. Rad1 Rxd2+ 42. Rxd2 Bb7 43. Rxd8 Qxd8 44. Ke2 Qd6 45. Qd3 Ne8 46.
Qxd6 Nxd6 47. Kd3 Kf6 48. Bd5 Bxd5 49. Nxd5+ Kg7 50. Nc7 Nc4 51. Kc2 Nd6 52. Kd3 f5 53. Ne6+ Kf6 54. Nc7 Ke7 55. Nd5+ Ke6 56. Nc7+ Kd7 57.
Nd5 Nc4 58. Kc2 fxe4 59. fxe4 Nd6 60. Kd3 Ke6 61. Nc7+ Kf6 62. Nd5+ Kf7 63. Nc7 Ke7 64. Nd5+ Ke6 65. Nc7+ Kd7 66. Nd5 1/2-1/2

[Event "*** Titled Tuesday Blitz"]
[Site "Chess.com"]
[Date "2018.09.04"]
[Round "4"]
[White "HanSchut"]
[Black "novocane"]
[Result "1-0"]
[WhiteElo "2223"]
[BlackElo "2144"]
[TimeControl "180+2"]
[EndTime "14:28:49 PDT"]
[Termination "HanSchut won by resignation"]

1. e4 c5 2. Nf3 Nc6 3. d4 cxd4 4. Nxd4 e5 5. Nb5 d6 6. N1c3 a6 7. Na3 Be7 8. Nd5 Nf6 9. Nxf6+ Bxf6 10. g3 h5 11. Nc4 O-O 12. Qxd6 Qxd6 13. Nxd6 Nb4 14.
Bd3 Rd8 15. Nc4 Bh3 16. Ke2 Rac8 17. Bd2 Nxc2 18. Bxc2 Rxc4 19. Bc3 b5 20. a3 a5 21. Rhd1 Rxd1 22. Rxd1 b4 23. axb4 axb4 24. Bd3 Rc8 25.
Bxb4 Rd8 26. f3 Be6 27. Bc3 Bb3 28. Ra1 h4 29. Ra3 hxg3 30. hxg3 Be6 31. Ra5 Rb8 32. Rb5 Rc8 33. Bxe5 Bd7 34. Ra5 Bxe5 35. Rxe5 Rb8 36. Re7 Rxb2+ 37. Ke3 Bh3 38. Bc4 Be6 39. Bxe6 fxe6 40.
Rxe6 Kf7 41. Ra6 Ke7 42. Kf4 Rb3 43. g4 Rc3 44. g5 Kf7 45. Kg4 g6 46. Rf6+ Kg7 47.
Kf4 Rb3 48. Rd6 Rb4 49. Rd7+ Kh8 50. Ke5 Rb6 51. Rd6 Rb3 52. f4 Kg7 53. Rd7+ Kg8 54. f5 Rb5+ 55. Kf6 Rb6+ 56. Ke5 Rb5+ 57. Ke6 gxf5 58.
exf5 Ra5 59. f6 Ra6+ 60. Rd6 Ra1 61. g6 Re1+ 62. Kd7 Ra1 63. Ke7 Re1+ 64. Re6 Ra1 65. f7+ 1-0

[Event "*** Titled Tuesday Blitz"]
[Site "Chess.com"]
[Date "2018.09.04"]
[Round "4"]
[White "RiskyDecision"]
[Black "Superfelix"]
[Result "0-1"]
[WhiteElo "2463"]
[BlackElo "2370"]
[TimeControl "180+2"]
[EndTime "14:28:51 PDT"]
[Termination "Superfelix won by resignation"]

1. d4 Nf6 2. Bg5 Ne4 3. Bf4 e6 4. Nd2 Nxd2 5. Qxd2 d5 6. e3 c5 7. c3 Nc6 8. Bd3 Bd6 9. Bxd6 Qxd6 10. f4 cxd4 11.
exd4 Bd7 12. Nf3 Rb8 13. O-O f5 14. Rae1 O-O 15. Ne5 Nxe5 16. Rxe5 b5 17. b4 a5 18. a3 axb4 19. axb4 Ra8 20. h3 Ra3 21. Rf3 Rc8 22.
Bb1 Qc6 23. Ree3 Ra1 24. Qb2 Rca8 25. Kh2 Qa6 26. Rf2 Qa3 27. Qc2 Qa4 28. Qd3 Qb3 29.
Bc2 Qc4 30. g4 Qxd3 31. Bxd3 g6 32. gxf5 gxf5 33. Rg2+ Kh8 34. Reg3 R1a2 35. Rg8+ Rxg8 36. Rxa2 Rc8 37. Ra3 Rc7 38. Kg3 Kg7 39. Kf2 Kf6 40. Ke3 Kg6 41. Kd2 Kh5 42. Ra8 Kh4 43. Rh8 Bc6 44. Bf1 Kg3 45. Rb8 Kxf4 46. Bxb5 Bxb5 47. Rxb5 Kg3 48. Rb8 Kxh3 49. b5 h5 50. Rb6 Re7 51. Rb8 f4 52. b6 Kg2 53. b7 Kf3 54. Kd3 h4 55. Rh8 Rxb7 56. Rxh4 Kg3 57. Rh6 Re7 58.
Rg6+ Kf2 59. Rg4 f3 60. Rg6 e5 61. dxe5 Rxe5 62. Rf6 Kg3 63. Rg6+ Kf4 64. Rg1 f2 65. Rf1 Kf3 66. Kd4 Rh5 67. Rd1 Ke2 68. Rc1 f1=Q 69. Rxf1 Kxf1 0-1

[Event "*** Titled Tuesday Blitz"]
[Site "Chess.com"]
[Date "2018.09.04"]
[Round "4"]
[White "LawrenceTrent"]
[Black "MITerryble"]
[Result "1-0"]
[WhiteElo "2558"]
[BlackElo "2746"]
[TimeControl "180+2"]
[EndTime "14:28:52 PDT"]
[Termination "LawrenceTrent won by checkmate"]

1. e4 e6 2. d4 d5 3. Nd2 Be7 4. Ngf3 Nf6 5. e5 Nfd7 6. c3 c5 7. Bd3 Nc6 8. O-O g5 9. Qe2 g4 10. Ne1 h5 11. Nc2 c4 12. Nxc4 dxc4 13. Bxc4 Nb6 14. Bd3 Rg8 15. Qe4 Rg7 16. Bh6 Rg6 17. Bd2 Qc7 18. Qe2 Rg8 19. b4 Bd7 20. a4 O-O-O 21.
a5 Nd5 22. b5 Nxa5 23. c4 Nxc4 24. Bxc4 Kb8 25. Rfb1 Rc8 26. Bxd5 exd5 27. Ne3 Be6 28. b6 axb6 29. Be1 Qd7 30. Rxb6 Rc6 31. Rbb1 Kc7 32.
Ba5+ Kb8 33. Qa2 Ra6 34. Bc7+ Kc8 35. Ba5 Bd8 36. Qc2+ Rc6 37. Qh7 Re8 38. Bxd8 Rxd8 39. Qxh5 Kb8 40. Qh7 Qc7 41. Qg7 Rc8 42. Rf1 Qb6 43. Rad1 Qb2 44. Nxg4 Rb6 45. h3 Rb4 46. Qg5 Rxd4 47. Rxd4 Qxd4 48. Kh2 Qe4 49. f4 Qd3 50. Rf2 Bf5 51. Nh6 Be4 52. Nxf7 Qe3 53. Qg3 Qd4 54.
f5 Rc3 55. e6+ Ka7 56. Ra2+ Kb6 57. Qd6+ Rc6 58. Qd8+ Kb5 59. Nd6+ Kb4 60. Qa5+ Kb3 61. Qa3# 1-0

[Event "*** Titled Tuesday Blitz"]
[Site "Chess.com"]
[Date "2018.09.04"]
[Round "4"]
[White "ddtru"]
[Black "Mistheoretical"]
[Result "1/2-1/2"]
[WhiteElo "2289"]
[BlackElo "2390"]
[TimeControl "180+2"]
[EndTime "14:28:58 PDT"]
[Termination "Game drawn - insufficient material"]

1. d4 Nf6 2. c4 Nc6 3. Nc3 e5 4. dxe5 Nxe5 5. e3 Bb4 6. Bd2 O-O 7. Nf3 d6 8. Be2 Be6 9. b3 Re8 10. O-O Ng6 11. Nd4 Bd7 12. Bf3 Rb8 13. g3 a6 14. Bg2 Ne5 15. Qc2 Bc5 16. h3 Nc6 17. Nxc6 Bxc6 18. Bxc6 bxc6 19. Kg2 Qe7 20. Rae1 d5 21.
cxd5 cxd5 22. Na4 Bd6 23. Bc3 Ne4 24. Re2 Qg5 25. Be1 c5 26. Nc3 Nf6 27. f4 Qh5 28. g4 Nxg4 29. hxg4 Qxg4+ 30. Bg3 d4 31. exd4 cxd4 32. Ne4 f5 33. Nf6+ gxf6 34. Rxe8+ Rxe8 35.
Qc4+ Kh8 36. Qxd4 Qe2+ 37. Qf2 Bc5 38. Qxe2 Rxe2+ 39. Kf3 Rxa2 40. Rc1 Bb4 41. Bh4 Kg7 42. Rc6 Be7 43. Rc7 Kf7 44. Bf2 Ke6 45. Rc6+ Kd7 46. Rb6 Ra3 47. Rb7+ Ke6 48. Rxe7+ Kxe7 49. Bc5+ Ke6 50.
Bxa3 Kd5 51. Ke3 h5 52. Bb4 h4 53. Be1 h3 54. Kf3 Kd4 55. Kg3 Ke3 56. Kxh3 Kxf4 57. Kg2 Ke3 58. Ba5 f4 59. Kf1 f3 60.
Bb6+ Ke4 61. Kf2 f5 62. b4 Kf4 63. Bc7+ Ke4 64. Kg3 Ke3 65. Bb6+ Ke2 66. Kf4 f2 67. Bxf2 Kxf2 68. Kxf5 Ke3 69. Ke5 Kd3 70. Kd5 Kc3 71.
Kc5 Kb3 72. Kb6 Kxb4 73. Kxa6 1/2-1/2

[Event "*** Titled Tuesday Blitz"]
[Site "Chess.com"]
[Date "2018.09.04"]
[Round "4"]
[White "patrisiii123"]
[Black "Gareth-Bale11"]
[Result "1/2-1/2"]
[WhiteElo "2329"]
[BlackElo "2613"]
[TimeControl "180+2"]
[EndTime "14:29:10 PDT"]
[Termination "Game drawn - insufficient material"]

1. e4 c6 2. d4 d5 3. exd5 cxd5 4. Bd3 Nf6 5. h3 Nc6 6. c3 e5 7.
dxe5 Nxe5 8. Qe2 Qe7 9. Bc2 Bd7 10. Nd2 O-O-O 11. Ngf3 Nc6 12. Qxe7 Bxe7 13. O-O Rhe8 14. Nb3 Ne4 15. Be3 Bf6 16. Rad1 Be6 17. Nfd4 Kb8 18. Bf4+ Kc8 19. Bxe4 dxe4 20. Nb5 Be7 21. N3d4 Bc4 22.
Rfe1 Bd3 23. Nxc6 bxc6 24. Nd4 Kb7 25. f3 f5 26. Nxf5 Bc5+ 27. Nd4 Bb6 28. fxe4 Rxe4 29. Rxe4 Bxe4 30. Kh2 c5 31. Re1 cxd4 32. Rxe4 d3 33. Re1 Kc6 34. Rd1 a5 35. Kg3 a4 36. Be5 Kb5 37. Kf3 Kc4 38. Bxg7 Re8 39. b3+ axb3 40. axb3+ Kxb3 41. Rb1+ Kc2 42. Rxb6 d2 43. Rd6 d1=Q+ 44. Rxd1 Kxd1 45. Bd4 Kd2 46. Kg4 Re6 47. Kh5 Ke2 48. g4 Kf3 49. h4 Ke4 50. g5 Kf5 51. Bf6 Re4 52. Bd4 Rg4 53. Bf6 Rc4 54. Bd4 Rc6 55.
Bf6 Rc4 56. Bd4 Rc6 57. Bf6 Rc7 58. Kh6 Kg4 59. Bg7 Kxh4 60. Bf6 Kg4 61. Bd4 Kf5 62. Bf6 Rf7 63. Bd4 Re7 64. Bf6 Rc7 65. Bd4 Rc6+ 66. Bf6 Rc7 67. Bd4 Rf7 68. Bf6 Ke6 69. Bd4 Ke7 70.
Bf6+ Kf8 71. Bd4 Kg8 72. g6 hxg6 73. Kxg6 Rc7 74. Kf5 Rxc3 75. Bxc3 1/2-1/2